cohdb
Replays
Latest Replays
All Replays
Popular Replays
Top Player Replays
Match Explorer
How It Works
Community
CoH3 Stats
Reddit
Sign in to upload your games and track your stats! →
Sign in with Steam
Match 45656245
Unlisted
Match 45656245
Overview
Messages
Build Orders
End
Panzergrenadier Squad
Panzergrenadier Squad
Panzergrenadier Squad
Construct Light Support Kompanie
2.5-tonne Medical Truck
Construct Mechanized Kompanie
Veteran Squad Leaders
8 Rad Armored Car
Vehicle Survival Package
Marder III Tank Destroyer
Selects Armored Support Battlegroup
Selects Salvage Kits
Selects Panzer Storm
Marder III Tank Destroyer
Selects Veteran Gunners
Panzergrenadier Squad
Construct Panzerarmee Kommand
Emergency Repair Kits
Rapid Advance
Selects Stuka Anti-tank Loiter
Armored Reserves
Tungsten Core Ammunition
Sidney
Jonnies
Decoy
周杰伦
Dumpster Bob
Exf
Gravey
Tharrats
0
0
Comments
sign in to comment!
No comments posted yet!